 Dungeon Crawl Stone Soup version 0.30-a0-1157-g2cc9ac7196 (webtiles) character file.

Game seed: 9699035397391005905

146 qeuew the Sneak (level 5, -5/35 HPs)
             Began as an Octopode Brigand on Apr 24, 2023.
             Was a Priest of Jiyva.
             Slain by a sky beast (6 damage)
             ... on level 6 of the Dungeon.
             The game lasted 00:01:59 (1656 turns).

qeuew the Sneak (Octopode Brigand)                  Turns: 1656, Time: 00:02:00

Health: -5/35      AC:  1    Str:  8    XL:     5   Next: 28%
Magic:  5/5        EV: 13    Int: 22    God:    Jiyva [***...]
Gold:   187        SH:  0    Dex: 13    Spells: 4/4 levels left

rFire   . . .        a - +2 dagger
rCold   . . .        (no shield)
rNeg    . . .        (helmet restricted)
rPois   .            (no amulet)
rElec   .            f - ring of flight
rCorr   +            (no ring)
SInv    .            (no ring)
Will    .....        (no ring)
Stlth   ++++         (no ring)
HPRegen 1.37/turn    (no ring)
MPRegen 0.44/turn    (no ring)
                     (no ring)

%: no passive effects
@: flying
A: almost no armour, amphibious, 8 rings, camouflage 1, gelatinous body 1,
(nimble swimmer 1), tentacles, clever 2, acidic bite, jelly sensing items
a: Renounce Religion, Oozemancy


You were on level 6 of the Dungeon.
You worshipped Jiyva.
Jiyva was most pleased with you.
You visited 1 branch of the dungeon, and saw 4 of its levels.

You collected 187 gold pieces.

Inventory:

Hand Weapons
 a - a +2 dagger (weapon)
Missiles
 b - 10 poisoned darts
 c - 6 curare-tipped darts (quivered)
Jewellery
 f - a ring of flight (left tentacle)
Wands
 h - a wand of flame (26)
Scrolls
 d - a scroll of teleportation
 e - a scroll of silence {unknown}
Potions
 g - 3 potions of resistance


   Skills:
 + Level 2.7 Fighting
 * Level 3.3 Short Blades
 + Level 2.5 Throwing
 + Level 1.9 Dodging
 * Level 6.5 Stealth


You had 4 spell levels left.
You didn't know any spells.
Your spell library was empty.

Dungeon Overview and Level Annotations

Branches:
Dungeon (3/15)

Altars:
Okawaru
Vehumet
Jiyva


Innate Abilities, Weirdness & Mutations

You cannot wear most types of armour.
You are amphibious.
You can wear up to eight rings at the same time.
Your skin changes colour to match your surroundings (Stealth+).
Your rubbery body absorbs attacks. (AC +1, EV +1)
((You are camouflaged when in or above water. (Stealth+)))
You have tentacles for arms and can constrict up to eight enemies at once.
Your mind is very acute. (Int +8, Str/Dex -2)
You have acidic saliva.
You have a small jelly attached to you that senses nearby items.


Message History

You throw a poisoned dart.
Unknown command.
Okay, then.
Throw: 8 darts (curare)
Press: ? - help, Q - select action, (/) - cycle Shift-Dir - straight line You throw a curare-tipped dart.
An iguana comes into view.
Unknown command.
Throw: 7 darts (curare)
Press: ? - help, Q - select action, (/) - cycle Shift-Dir - straight line You throw a curare-tipped dart.
The iguana hisses angrily.
Something hits you. Something shocks you.
Unknown command.
You barely miss something. Your squeeze misses something.
A gnoll comes into view. It is wielding a +0 flail.
You hear a distant slurping noise.
Something hits you. Something shocks you.
The iguana hisses menacingly.
You closely miss something. Your bite misses something. Something hits you.
Something shocks you.
* * * LOW HITPOINT WARNING * * *
You barely miss something.
Your tentacle-slap misses something.
Your bite misses something. You squeeze something. You barely miss something.
You squeeze something! Something hits you but does no damage.
You closely miss something. Your squeeze misses something.
Something barely misses you.
An orc wizard comes into view. It is wielding a +0 dagger.
You closely miss something. Something hits you.
* * * LOW HITPOINT WARNING * * *
Something shocks you.
* * * LOW HITPOINT WARNING * * *
You closely miss something. Your bite misses something.
Your squeeze misses something.
The iguana bites you but does no damage.
Something hits you.
* * * LOW HITPOINT WARNING * * *
Something shocks you.
You die...

# ###########. #.
####...........
#.#....####......
#...#######.#####
#...@{.....(
#...l.......
#...........
#....g......#
#.........###
#o........#
#...!......
...........#


You could see an iguana, an orc wizard and a gnoll.

Vanquished Creatures
  A scorpion (D:6)
  A howler monkey (D:6)
  2 adders (D:3)
  A dart slug (D:3)
  An orc (D:3)
  3 bats
  A giant cockroach (D:1)
  A goblin (D:2)
  6 hobgoblins
  2 kobolds (D:1)
  A quokka (D:3)
  2 ball pythons
  2 frilled lizards (D:2)
  4 rats
28 creatures vanquished.

Vanquished Creatures (others)
  An adder (D:3)
  A ball python (D:3)
  2 endoplasms (D:2)
  A giant cockroach (D:2)
  A hobgoblin (D:2)
  2 jackals (D:2)
  2 kobolds (D:3)
  A quokka (D:3)
  2 rats
  9 plants (D:3)
22 creatures vanquished.

Grand Total: 50 creatures vanquished

Notes
Turn   | Place    | Note
-------+----------+-------------------------------------------
     0 | D:1      | qeuew the Octopode Brigand began the quest for the Orb.
     0 | D:1      | Reached XP level 1. HP: 14/14 MP: 1/1
    53 | D:1      | Found a faded altar of an unknown god.
    62 | D:1      | Prayed at the altar of an unknown god.
    62 | D:1      | Became a worshipper of Jiyva Joigy the Shapeless
    62 | D:1      | Reached * piety under Jiyva
   314 | D:1      | Reached ** piety under Jiyva
   459 | D:1      | Reached XP level 2. HP: 19/19 MP: 2/2
  1352 | D:3      | Reached *** piety under Jiyva
  1352 | D:3      | Gained mutation: You have a small jelly attached to you
                  | that senses nearby items. [Jiyva's grace]
  1352 | D:3      | Gained mutation: Your mind is acute. (Int +4, Str/Dex -1)
                  | [Jiyva's grace]
  1352 | D:3      | Gained mutation: Your mind is very acute. (Int +8, Str/Dex
                  | -2) [Jiyva's grace]
  1352 | D:3      | Gained mutation: You have acidic saliva. [Jiyva's grace]
  1355 | D:3      | Found an iron altar of Okawaru.
  1490 | D:3      | Reached XP level 3. HP: 24/24 MP: 3/3
  1516 | D:3      | Found a radiant altar of Vehumet.
  1597 | D:3      | You are sucked into a shaft and drop 3 floors!
  1602 | D:6      | Noticed a scorpion
  1620 | D:6      | Killed a scorpion
  1621 | D:6      | Reached skill level 6 in Stealth
  1621 | D:6      | Reached XP level 4. HP: 18/30 MP: 4/4
  1642 | D:6      | Noticed a sky beast
  1646 | D:6      | Reached XP level 5. HP: 26/35 MP: 5/5
  1656 | D:6      | HP: 1/35 [something (2)]
  1656 | D:6      | Slain by a sky beast

Illustrated notes

Levels and vault maps discovered:
D:1:      lemuel_arrival_tunnels, layout_loops_ring, basic_ecumenical_altar
D:2:      layout_basic
D:3:      layout_loops_corners, mainiacjoe_overflow_cross_hatched,
          vehumet_altar_wand_db, chequers_garden, minmay_distorted,
          uniq_crazy_yiuf_cottage
D:6:      layout_rooms, mainiacjoe_overflow_surrounded_room,
          nicolae_uskayaw_en_pointe, serial_shops, nicolae_shop_hallway_plus,
          grunt_ministairs_1, uniq_blork_the_orc

Skill      XL: |  1  2  3 |
---------------+----------+-----
Short Blades   | 3 |  3.3
Stealth        | 6 |  6.5
Fighting       | |  2.7
Throwing       | |  2.5
Dodging        | |  1.9

Action                     |  1- 3 |  4- 6 || total
---------------------------+-------+-------++-------
  Melee: Dagger            |    56 |    12 ||    68
         Tentacles         |     6 |     4 ||    10
         Constrict         |     9 |     1 ||    10
         Bite              |     8 |       ||     8
         Punch             |     2 |       ||     2
  Throw: Dart              |     2 |     3 ||     5
    Use: Scroll            |     3 |       ||     3
   Stab: Sleeping          |    10 |       ||    10
 Armour: Skin              |     4 |     2 ||     6
  Dodge: Dodged            |    21 |     3 ||    24

Table legend: (Time is in decaauts)
 A = Elapsed time spent in this place.
 B = Non-inter-level travel time spent in this place.
 C = Inter-level travel time spent in this place.
 D = Time resting spent in this place.
 E = Time spent auto-exploring this place.
 F = Levels seen in this place.
 G = Mean time per level.
                   A        B        C        D        E       F      G
               +--------+--------+--------+--------+--------+-----+--------+
         Total |   1645 |   1595 |     50 |      0 |   1372 |   4 |  411.2 |
       Dungeon |   1645 |   1595 |     50 |      0 |   1372 |   4 |  411.2 |
               +--------+--------+--------+--------+--------+-----+--------+

Top non-repeatable levels by time:
     D:1: 699 daAuts
     D:3: 462 daAuts
     D:2: 428 daAuts
     D:6: 55 daAuts
